Map: Magannatha LE

Players

jeannysu

  • Race: Zerg Zerg
  • Spawn Location: 11:00

치터 칸 (가장 어려움) - Winner!

  • Race: Terran Terran
  • Spawn Location: 5:00

VOD

Have the link to the VOD?

Description

Time

  • Played on: Sept. 2, 2025, 9:41 a.m.
  • Length: 7:57
Show
View Real Time Build Order
Export as new Build Order

jeannysu Zerg 

Build Orders: Hatch First 

Get SALT Encoding   

  12  0:00  Drone  
  13  0:12  Overlord  
  13  0:16  Drone  
  14  0:30  Drone x2  
  16  0:47  Hatchery  
  15  0:50  Drone  
  15  0:54  Drone  
  17  0:57  Drone  
  18  1:09  Extractor  
  17  1:13  Spawning Pool  
  17  1:15  Drone  
  17  1:19  Drone  
  18  1:27  Drone  
  19  1:41  Drone  
  20  1:59  Zergling x2  
  20  2:00  Zergling x2, Drone  
  23  2:02  Queen x2  
  27  2:10  Drone  
  27  2:14  Overlord  
  28  2:26  Metabolic Boost  
  28  2:34  Drone  
  28  2:35  Drone  
  28  2:36  Drone x2  
  32  2:47  Queen  
  32  2:48  Baneling Nest  
  32  2:50  Queen  
  35  2:55  Drone  
  35  2:57  Overlord  
  36  3:06  Overlord  
  36  3:22  Drone x5  
  36  3:24  Drone, Roach Warren  
  36  3:25  Drone x2  
  43  3:33  Queen  
  45  3:38  Drone  
  46  3:49  Spine Crawler  
  46  3:52  Spine Crawler  
  46  3:53  Zergling x4  
  46  3:54  Zergling x4  
  48  4:06  Zergling x6  
  46  4:27  Drone x2  
  48  4:32  Lair  
  48  4:42  Drone  
  49  4:45  Hatchery  
  49  4:46  Extractor  
  49  4:47  Extractor  
  46  4:56  Drone x2  
  46  4:57  Drone  
  46  4:58  Overlord  
  46  4:59  Overlord, Extractor  
  49  5:14  Drone x2  
  49  5:15  Drone  
  49  5:19  Drone x4  
  55  5:34  Centrifugal Hooks  
  55  5:39  Drone x2  
  55  5:40  Drone  
  58  5:46  Zergling x10  
  58  5:47  Zergling x2  
  64  5:55  Zergling x4  
  66  5:58  Queen  
  66  6:00  Queen  
  66  6:01  Drone  
  71  6:12  Overlord x2  
  71  6:15  Overlord x2  
  71  6:31  Drone  
  71  6:32  Drone x2  
  74  6:34  Queen  
  74  6:36  Queen  
  74  6:37  Hatchery  
  77  6:44  Drone x3  
  77  6:45  Drone x2  
  82  6:52  Hydralisk Den  
  81  6:54  Evolution Chamber  
  81  6:58  Evolution Chamber  
  79  7:05  Evolution Chamber  
  78  7:11  Infestation Pit  
  77  7:18  Zergling x8  
  77  7:19  Zergling x4  
  77  7:20  Overlord x4  
  83  7:28  Drone  
  83  7:29  Drone  
  86  7:30  Drone x8  
Show
View Real Time Build Order
Export as new Build Order

치터 칸 (가장 어려움) Terran - Winner!

Build Orders:  

Get SALT Encoding   

  12  0:00  SCV  
  13  0:13  SCV  
  14  0:18  Supply Depot  
  14  0:25  SCV  
  15  0:40  Refinery, SCV  
  15  0:41  Barracks  
  16  0:52  SCV  
  16  0:54  Barracks  
  17  1:04  SCV  
  18  1:16  SCV  
  19  1:27  Barracks  
  19  1:30  Orbital Command, Marine  
  20  1:39  Supply Depot  
  20  1:40  Marine  
  21  1:48  Marine  
  22  1:55  SCV  
  22  1:59  Barracks Tech Lab  
  23  2:07  Barracks Tech Lab  
  23  2:08  SCV  
  24  2:10  Supply Depot  
  24  2:13  Marine  
  25  2:17  Marine  
  25  2:19  Concussive Shells  
  25  2:20  SCV  
  27  2:25  Stimpack, Marine  
  28  2:31  Marine  
  28  2:33  Supply Depot  
  28  2:35  Marine  
  30  2:42  SCV  
  30  2:43  Marauder  
  33  2:48  Supply Depot  
  33  2:49  Marine  
  34  2:52  Marine  
  35  2:59  SCV  
  35  3:02  Combat Shield  
  35  3:04  Marine  
  37  3:07  Marine  
  37  3:10  Refinery  
  37  3:11  Marauder  
  40  3:15  Supply Depot, SCV  
  41  3:22  Marauder  
  41  3:24  Marine  
  44  3:32  Marine  
  45  3:37  SCV  
  45  3:39  Engineering Bay  
  46  3:41  Factory  
  46  3:42  Marine  
  46  3:43  Marine, Engineering Bay  
  46  3:44  Command Center  
  48  3:50  Marauder  
  50  4:00  Marine  
  50  4:01  Marauder  
  53  4:08  Terran Infantry Armor Level 1  
  53  4:09  Terran Infantry Weapons Level 1  
  53  4:11  Marauder  
  53  4:13  Barracks  
  53  4:15  Supply Depot  
  52  4:19  Barracks Reactor  
  52  4:23  Marauder  
  47  4:31  Factory Tech Lab  
  47  4:33  Marauder  
  49  4:44  Marine  
  49  4:45  Starport  
  50  4:52  Missile Turret  
  50  4:53  Siege Tank  
  50  4:54  Marauder  
  50  4:55  Marine  
  50  4:56  Marine, SCV x2  
  59  5:02  Marine x2  
  59  5:04  Refinery  
  61  5:08  SCV  
  61  5:09  SCV  
  63  5:17  Refinery  
  63  5:20  Marauder, Marine x2, SCV  
  63  5:21  Starport Reactor, SCV  
  69  5:25  Siege Tank  
  72  5:32  SCV  
  72  5:33  Command Center  
  72  5:35  SCV  
  74  5:44  Supply Depot, SCV  
  74  5:47  SCV  
  76  5:56  Missile Turret, SCV  
  77  5:57  Missile Turret, Siege Tank  
  77  5:59  SCV  
  81  6:08  SCV  
  81  6:09  Supply Depot  
  81  6:11  SCV  
  83  6:20  SCV  
  83  6:23  SCV  
  83  6:24  Armory  
  85  6:29  Hellion  
  85  6:32  SCV  
  88  6:33  Supply Depot  
  88  6:35  SCV, Medivac  
  88  6:39  Medivac  
  93  6:44  SCV  
  93  6:45  Marauder, Orbital Command, Marine  
  97  6:47  SCV  
  97  6:51  Hellion  
  100  6:56  Marine  
  100  6:57  SCV  
  100  6:58  Missile Turret  
  100  6:59  Missile Turret, Supply Depot  
  100  7:00  SCV  
  103  7:04  Command Center  
  103  7:09  SCV  
  103  7:11  SCV  
  103  7:12  Hellion, SCV  
  108  7:21  SCV  
  109  7:23  Supply Depot  
  109  7:25  SCV  
  109  7:26  SCV  
  109  7:28  Armory  
  111  7:32  Marauder  
  111  7:33  SCV, Widow Mine  
  117  7:37  SCV  
  117  7:39  Missile Turret, SCV  
  120  7:48  Supply Depot  
  125  7:54  Factory  
Tags
 
Matchup
TvZ
Replay Pack
새 폴더
Spawn Locations
Cross Positions
Add a new tag
Caveats
  • Supply blocks, unpowered buildings, or Contaminate may cause inaccurate times.
  • Supply counts are checked every 10 seconds.